PIO (24 & UNDER)
COLORADO COMMANDERS @ JASPER COUGARS
09/08/2023
 
TOP OF THE 1ST
Colorado Commanders batting - Pitching for Jasper Cougars : RHP Dae-ho Kim
Pitching: RHP Dae-ho Kim
Batting: RHB Arnold Harmon 0-0: Ball
1-0: TRIPLE (Groundball, 3L)
Batting: LHB Rafael Delgado 0-0: Ball
1-0: Ball
2-0: Ball
3-0: Base on Balls
Batting: RHB Emílio Bruno 0-0: Ball
Rafael Delgado is caught stealing 2nd base
1-0: SINGLE (Groundball, 4MD) (infield hit)
Arnold Harmon scores
Batting: RHB Diego Francisco 0-0: Ball
1-0: Foul Ball, location: 2F
1-1: Ball
2-1: Foul Ball, location: 2F
2-2: Foul Ball, location: 2F
2-2: Strikes out swinging
Batting: LHB Gary Kern 0-0: Ball
1-0: Swinging Strike
1-1: Swinging Strike
1-2: Strikes out swinging
Top of the 1st over - 1 run(s), 2 hit(s), 0 error(s), 1 left on base; Colorado 1 - Jasper 0
BOTTOM OF THE 1ST
Jasper Cougars batting - Pitching for Colorado Commanders : RHP Manuel Zarate
Pitching: RHP Manuel Zarate
Batting: RHB Greg King 0-0: SINGLE (Line Drive, 78M)
Batting: RHB Dan Hooper 0-0: Ball
1-0: Foul Ball, location: 2F
1-1: Ball
2-1: Ball
3-1: SINGLE (Groundball, 15S) (infield hit)
Greg King to second
Batting: LHB Enrique Valentín 0-0: Called Strike
Greg King steals 3rd base
Dan Hooper to second
0-1: Ball
1-1: Ball
2-1: Called Strike
2-2: Ball
3-2: Strikes out swinging
Batting: SHB Ron Edwards 0-0: Ball
1-0: Called Strike
1-1: Swinging Strike
1-2: Foul Ball, location: 2F
1-2: Ball
2-2: Ball
Single, Error in OF, E9, batter to second base
Greg King scores
Dan Hooper scores
Batting: RHB Manuel Pérez 0-0: Ball
1-0: Swinging Strike
1-1: Swinging Strike
1-2: Foul Ball, location: 2F
1-2: Strikes out looking
Batting: RHB Juan Carlos 0-0: Called Strike
0-1: Ball
1-1: SINGLE (Groundball, 56)
Ron Edwards to third
Batting: LHB Pepe Vázquez 0-0: Foul Ball, location: 2F
0-1: SINGLE (Groundball, 4MD)
Ron Edwards scores
Juan Carlos to second
Runner from 2nd tries for 3rd, SAFE, no throw or cutoff
Batting: RHB José Ortega 0-0: Ball
1-0: Ball
2-0: SINGLE (Line Drive, 89S)
Juan Carlos scores
Pepe Vázquez to second
Runner from 2nd tries for 3rd, SAFE, throw made to third
Batting: RHB Joe Baker 0-0: Called Strike
0-1: Called Strike
0-2: Strikes out swinging
Bottom of the 1st over - 4 run(s), 6 hit(s), 1 error(s), 2 left on base; Colorado 1 - Jasper 4
TOP OF THE 2ND
Colorado Commanders batting - Pitching for Jasper Cougars : RHP Dae-ho Kim
Batting: LHB John Nicholson 0-0: Called Strike
0-1: Swinging Strike
0-2: Ball
1-2: Ball
2-2: Strikes out swinging
Batting: RHB Lee Price 0-0: Foul Ball, location: 2F
0-1: Swinging Strike
0-2: Ball
1-2: Strikes out looking
Batting: RHB Tim Adkins 0-0: Swinging Strike
0-1: Called Strike
0-2: Strikes out swinging
Top of the 2nd over - 0 run(s), 0 hit(s), 0 error(s), 0 left on base; Colorado 1 - Jasper 4
BOTTOM OF THE 2ND
Jasper Cougars batting - Pitching for Colorado Commanders : RHP Manuel Zarate
Batting: RHB Greg King 0-0: Called Strike
0-1: Ball
1-1: Foul Ball, location: 2F
1-2: Foul Ball, location: 2F
1-2: SINGLE (Line Drive, 56)
Batting: RHB Dan Hooper 0-0: Called Strike
0-1: Ball
1-1: Foul Ball, location: 2F
1-2: Grounds into double play, 6-4-3 (Groundball, 56)
Batting: LHB Enrique Valentín 0-0: Ball
1-0: Ball
2-0: Ball
3-0: Called Strike
3-1: Base on Balls
Batting: SHB Ron Edwards 0-0: Ball
1-0: Ball
2-0: Ball
3-0: Base on Balls
Enrique Valentín to second
Batting: RHB Manuel Pérez 0-0: Ball
1-0: Swinging Strike
1-1: Ground out 5-3 (Groundball, 56S)
Bottom of the 2nd over - 0 run(s), 1 hit(s), 0 error(s), 2 left on base; Colorado 1 - Jasper 4
TOP OF THE 3RD
Colorado Commanders batting - Pitching for Jasper Cougars : RHP Dae-ho Kim
Batting: RHB Emiel van Rhee 0-0: Ball
1-0: Fly out, F8 (Flyball, 8RM)
Batting: RHB Arnold Harmon 0-0: Called Strike
0-1: Foul Ball, location: 2F
0-2: Strikes out swinging
Batting: LHB Rafael Delgado 0-0: Ball
1-0: Called Strike
1-1: Foul Ball, location: 2F
1-2: Ball
2-2: Strikes out swinging, 2-3 out at first.
Top of the 3rd over - 0 run(s), 0 hit(s), 0 error(s), 0 left on base; Colorado 1 - Jasper 4
BOTTOM OF THE 3RD
Jasper Cougars batting - Pitching for Colorado Commanders : RHP Manuel Zarate
Batting: RHB Juan Carlos 0-0: Foul Ball, location: 2F
0-1: Fly out, F9 (Flyball, 9M)
Batting: LHB Pepe Vázquez 0-0: Ground out 4-3 (Groundball, 13)
Batting: RHB José Ortega 0-0: Ball
1-0: Ball
2-0: Ground out 4-3 (Groundball, 34)
Bottom of the 3rd over - 0 run(s), 0 hit(s), 0 error(s), 0 left on base; Colorado 1 - Jasper 4
TOP OF THE 4TH
Colorado Commanders batting - Pitching for Jasper Cougars : RHP Dae-ho Kim
Batting: RHB Emílio Bruno 0-0: Called Strike
0-1: Ball
1-1: Foul Ball, location: 2F
1-2: SINGLE (Groundball, 34)
Batting: RHB Diego Francisco 0-0: Called Strike
0-1: Called Strike
0-2: Ball
1-2: Foul Ball, location: 2F
1-2: SINGLE (Groundball, 6MD)
Emílio Bruno to second
Runner from 2nd tries for 3rd, SAFE, throw made to third
Batting: LHB Gary Kern 0-0: Swinging Strike
0-1: Ground out 3-1 (Groundball, 34)
Emílio Bruno scores
Diego Francisco to second
Batting: LHB John Nicholson 0-0: Called Strike
0-1: Swinging Strike
0-2: Ball
1-2: Strikes out swinging
Batting: RHB Lee Price 0-0: Reached on error, E5 (Groundball, 56)
Diego Francisco scores
Batting: RHB Tim Adkins 0-0: Called Strike
0-1: Ball
1-1: Called Strike
1-2: Foul Ball, location: 2F
1-2: Foul Ball, location: 2F
1-2: Ball
2-2: Hit by Pitch
Batting: RHB Emiel van Rhee 0-0: Ball
1-0: Ball
2-0: SINGLE (Groundball, 3D)
Lee Price to third
Tim Adkins to second
Runner from 3rd tries for Home, SAFE, no throw or cutoff
Batting: RHB Arnold Harmon 0-0: Fly out, F8 (Flyball, 8LM)
Top of the 4th over - 3 run(s), 3 hit(s), 1 error(s), 2 left on base; Colorado 4 - Jasper 4
BOTTOM OF THE 4TH
Jasper Cougars batting - Pitching for Colorado Commanders : RHP Manuel Zarate
Batting: RHB Joe Baker 0-0: Ball
1-0: Swinging Strike
1-1: Called Strike
1-2: Ball
2-2: Strikes out swinging
Batting: RHB Greg King 0-0: Foul Ball, location: 2F
0-1: Called Strike
0-2: Ball
1-2: Foul Ball, location: 2F
1-2: Ball
2-2: Ball
3-2: Strikes out swinging
Batting: RHB Dan Hooper 0-0: Ball
1-0: Swinging Strike
1-1: SINGLE (Line Drive, 4D)
Batting: LHB Enrique Valentín 0-0: Called Strike
0-1: Ground out 3-1 (Groundball, 3)
Bottom of the 4th over - 0 run(s), 1 hit(s), 0 error(s), 1 left on base; Colorado 4 - Jasper 4
TOP OF THE 5TH
Colorado Commanders batting - Pitching for Jasper Cougars : RHP Dae-ho Kim
Batting: LHB Rafael Delgado 0-0: Ball
1-0: Fly out, F9 (Flyball, 9M)
Batting: RHB Emílio Bruno 0-0: Ground out 1-3 (Groundball, 15)
Batting: RHB Diego Francisco 0-0: Called Strike
0-1: Called Strike
0-2: Ball
1-2: Strikes out swinging
Top of the 5th over - 0 run(s), 0 hit(s), 0 error(s), 0 left on base; Colorado 4 - Jasper 4
BOTTOM OF THE 5TH
Jasper Cougars batting - Pitching for Colorado Commanders : RHP Manuel Zarate
Batting: SHB Ron Edwards 0-0: Called Strike
0-1: Ground out 5-3 (Groundball, 56S)
Batting: RHB Manuel Pérez 0-0: Ball
1-0: Called Strike
1-1: Swinging Strike
1-2: Ground out 1-3 (Groundball, 15S)
Batting: RHB Juan Carlos 0-0: Ball
1-0: Ground out 6-3 (Groundball, 6)
Bottom of the 5th over - 0 run(s), 0 hit(s), 0 error(s), 0 left on base; Colorado 4 - Jasper 4
TOP OF THE 6TH
Colorado Commanders batting - Pitching for Jasper Cougars : RHP Dae-ho Kim
Batting: LHB Gary Kern 0-0: Called Strike
0-1: Called Strike
0-2: Foul Ball, location: 2F
0-2: Ball
1-2: Ball
2-2: Foul Ball, location: 2F
2-2: Ball
3-2: Fly out, F8 (Flyball, 8RS)
Batting: LHB John Nicholson 0-0: Ball
1-0: Ball
2-0: Ball
3-0: Called Strike
3-1: Base on Balls
Pitching: RHP Bennett Greer
Batting: RHB Lee Price 0-0: Ball
1-0: Called Strike
1-1: Ball
Pickoff Throw by Catcher to First - Out!
2-1: Called Strike
2-2: Foul Ball, location: 2F
2-2: Fly out, F6 (Line Drive, 6M)
Top of the 6th over - 0 run(s), 0 hit(s), 0 error(s), 0 left on base; Colorado 4 - Jasper 4
BOTTOM OF THE 6TH
Jasper Cougars batting - Pitching for Colorado Commanders : RHP Manuel Zarate
Pitching: RHP Ramiro Trujillo
Batting: LHB Pepe Vázquez 0-0: Swinging Strike
0-1: Foul Ball, location: 2F
0-2: Ball
1-2: Ball
2-2: Foul Ball, location: 2F
2-2: Strikes out swinging
Batting: RHB José Ortega 0-0: Ball
1-0: Called Strike
1-1: Foul Ball, location: 2F
1-2: Ball
2-2: Strikes out swinging
Batting: RHB Joe Baker 0-0: Foul Ball, location: 2F
0-1: Foul Ball, location: 2F
0-2: Fly out, F6 (Popup, 6M)
Bottom of the 6th over - 0 run(s), 0 hit(s), 0 error(s), 0 left on base; Colorado 4 - Jasper 4
TOP OF THE 7TH
Colorado Commanders batting - Pitching for Jasper Cougars : RHP Bennett Greer
Batting: RHB Tim Adkins 0-0: Called Strike
0-1: Fly out, F8 (Line Drive, 8RM)
Pinch Hitting: RHB Richard Pendergast 0-0: Fly out, F8 (Line Drive, 8RM)
Batting: RHB Arnold Harmon 0-0: Ball
1-0: Swinging Strike
1-1: Ball
2-1: Ball
3-1: Called Strike
3-2: Strikes out looking
Top of the 7th over - 0 run(s), 0 hit(s), 0 error(s), 0 left on base; Colorado 4 - Jasper 4
BOTTOM OF THE 7TH
Jasper Cougars batting - Pitching for Colorado Commanders : RHP Ramiro Trujillo
Now at 2B: Earnest Turner
Batting: RHB Greg King 0-0: Ball
1-0: Ball
2-0: Called Strike
2-1: Foul Ball, location: 2F
2-2: Strikes out swinging
Batting: RHB Dan Hooper 0-0: Ball
1-0: Called Strike
1-1: Fly out, F8 (Flyball, 8RXD)
Batting: LHB Enrique Valentín 0-0: Foul Ball, location: 2F
0-1: Called Strike
0-2: Ground out 4-3 (Groundball, 4M)
Bottom of the 7th over - 0 run(s), 0 hit(s), 0 error(s), 0 left on base; Colorado 4 - Jasper 4
TOP OF THE 8TH
Colorado Commanders batting - Pitching for Jasper Cougars : RHP Bennett Greer
Batting: LHB Rafael Delgado 0-0: Swinging Strike
0-1: Ball
1-1: Ball
2-1: Swinging Strike
2-2: Strikes out swinging
Pitching: RHP Steve Snyder
Batting: RHB Emílio Bruno 0-0: Ball
1-0: Fly out, F8 (Flyball, 8LM)
Batting: RHB Diego Francisco 0-0: Ball
1-0: Called Strike
1-1: Ball
2-1: Ball
3-1: Ground out 2-3 (Groundball, 2R)
Top of the 8th over - 0 run(s), 0 hit(s), 0 error(s), 0 left on base; Colorado 4 - Jasper 4
BOTTOM OF THE 8TH
Jasper Cougars batting - Pitching for Colorado Commanders : RHP Ramiro Trujillo
Pitching: RHP Bill Davis
Batting: SHB Ron Edwards 0-0: Called Strike
0-1: Ball
1-1: Foul Ball, location: 2F
1-2: Ball
2-2: Hit by Pitch
Batting: RHB Manuel Pérez 0-0: Ball
1-0: Called Strike
1-1: Foul Ball, location: 2F
1-2: Foul Ball, location: 2F
1-2: Strikes out swinging
Pinch Hitting: RHB Juan Vázquez 0-0: Ball
1-0: SINGLE (Groundball, 56D)
Ron Edwards to second
Batting: LHB Pepe Vázquez 0-0: Fly out, F7 (Line Drive, 78M)
Pinch Hitting: LHB Jon Scott 0-0: Ball
1-0: Ball
2-0: SINGLE (Groundball, 34D)
Ron Edwards to third
Juan Vázquez to second
Runner from 3rd tries for Home, SAFE, no throw or cutoff
Batting: RHB Joe Baker 0-0: SINGLE (Line Drive, 8LS)
Juan Vázquez to third
Jon Scott to second
Batting: RHB Greg King 0-0: Called Strike
0-1: Foul Ball, location: 2F
0-2: Ball
1-2: Ball
2-2: Ground out 6-3 (Groundball, 6)
Bottom of the 8th over - 1 run(s), 3 hit(s), 0 error(s), 3 left on base; Colorado 4 - Jasper 5
TOP OF THE 9TH
Colorado Commanders batting - Pitching for Jasper Cougars : RHP Steve Snyder
Pitching: RHP António Peña
Now at 2B: Martín Cruz
Now at 3B: Ron Johnston
Batting: LHB Gary Kern 0-0: Ball
1-0: Called Strike
1-1: Swinging Strike
1-2: Foul Ball, location: 2F
1-2: Foul Ball, location: 2F
1-2: Ball
2-2: Strikes out swinging
Batting: LHB John Nicholson 0-0: Fly out, F7 (Line Drive, 7S)
Pinch Hitting: SHB Ángel Díaz 0-0: Called Strike
0-1: Fly out, F8 (Flyball, 8LM)
Top of the 9th over - 0 run(s), 0 hit(s), 0 error(s), 0 left on base; Colorado 4 - Jasper 5
This league is powered by Out of the Park Baseball, the baseball management simulation game for PC, Mac and Linux
Wednesday, December 2nd, 2015 - OOTP Baseball 16.8 Build 38